[Event "Titled Tuesday Blitz August 15 Early 2023"]
[White "Svane, Rasmus"]
[Black "Prohaszka, Peter"]
[WhiteFideId "4657101"]
[BlackFideId "726265"]
[WhiteElo "2968"]
[BlackElo "2691"]
[Result "1-0"]
[Round "10"]
[TimeControl "180+1"]
[Date "2023.08.15"]
[WhiteClock "0:00:26"]
[BlackClock "0:00:00"]
[Board "26"]

1. Nf3 Nf6 2. g3 g6 3. Bg2 Bg7 4. O-O O-O 5. d4 d6 6. Re1 Nc6 7. d5 Ne5 8. Nxe5 dxe5 9. c4 Rb8 10. Nc3 e6 11. e4 Qe7 12. Be3 b6 13. Rc1 Rd8 14. h3 Ne8 15. Qc2 Nd6 16. b3 Ba6 17. c5 Nb5 18. Nxb5 Bxb5 19. a4 Ba6 20. b4 b5 21. a5 f5 22. Red1 c6 23. dxc6 Rbc8 24. exf5 gxf5 25. h4 Bf6 26. Rxd8+ Rxd8 27. Rd1 Kf7 28. Rxd8 Qxd8 29. Qe2 Kg7 30. Qh5 Bc8 31. c7 Qe7 32. c6 Kg8 33. Bc5 Qf7 34. Qxf7+ Kxf7 35. Bxa7 Be7 36. Bf1 Bxb4 37. Bb6 Ke7 38. Bxb5 Kd6 39. a6 1-0


[Site "https://www.chess.com"]

[Event "Titled Tuesday Blitz August 15 Early 2023"]
[White "Kleiman, Jake"]
[Black "Ozen, Deniz"]
[WhiteFideId "2020041"]
[BlackFideId "6349196"]
[WhiteElo "2677"]
[BlackElo "2853"]
[Result "1/2-1/2"]
[Round "10"]
[TimeControl "180+1"]
[Date "2023.08.15"]
[WhiteClock "0:00:06"]
[BlackClock "0:00:15"]
[Board "27"]

1. e4 e5 2. Nf3 Nf6 3. Nxe5 d5 4. exd5 Qxd5 5. d4 Nc6 6. Nc3 Bb4 7. Bd2 Qxd4 8. Nxc6 bxc6 9. Bd3 Bg4 10. f3 Be6 11. Qe2 O-O 12. Qf2 Qe5+ 13. Qe3 Qa5 14. Qg5 Qb6 15. Be3 h6 16. Bxb6 hxg5 17. Be3 g4 18. Bd2 gxf3 19. gxf3 Rab8 20. O-O-O Nd5 21. Ne4 a5 22. a3 Bxd2+ 23. Rxd2 Nf4 24. Nc5 Rfe8 25. Re1 Bd5 26. Rxe8+ Rxe8 27. Be4 Bxe4 28. Nxe4 f5 29. Nc3 Re1+ 30. Rd1 Re3 31. Rf1 Kf7 32. Kd2 Re6 33. b4 axb4 34. axb4 Rh6 35. Rf2 Rh3 36. Ke3 g5 37. Kd4 Ne6+ 38. Ke5 g4 39. Kxf5 gxf3 40. Kg4 Rh8 41. Rxf3+ Ke7 42. h4 Rg8+ 43. Kh3 Nd4 44. Re3+ Kf6 45. Ne4+ Ke5 46. Ng5+ Kf5 47. c3 Nb5 48. Rf3+ Ke5 49. Kg4 Kd5 50. Rf5+ Kd6 51. Rc5 Kd7 52. h5 Nd6 53. h6 Ne4 54. Rf5 Nxc3 55. h7 Rh8 56. Kh5 Nd5 57. b5 Ne7 58. bxc6+ Kxc6 59. Rf7 Nd5 60. Kg6 Kb5 61. Ne6 c5 62. Nc7+ Nxc7 63. Rxc7 c4 64. Kg7 Ra8 65. h8=Q Rxh8 66. Kxh8 Kb4 67. Kg7 c3 68. Kf6 Kb3 69. Ke5 c2 70. Kd4 Kb2 71. Rb7+ Ka2 72. Ra7+ Kb2 73. Rb7+ Ka2 74. Rc7 Kb2 75. Rb7+ 1/2-1/2


[Site "https://www.chess.com"]

[Event "Titled Tuesday Blitz August 15 Early 2023"]
[White "Ter-Sahakyan, Samvel"]
[Black "Hoang, Thi Bao Tram"]
[WhiteFideId "13302531"]
[BlackFideId "12401102"]
[WhiteElo "2828"]
[BlackElo "2674"]
[Result "0-1"]
[Round "10"]
[TimeControl "180+1"]
[Date "2023.08.15"]
[WhiteClock "0:00:02"]
[BlackClock "0:00:15"]
[Board "28"]

1. c4 c6 2. d4 d5 3. Nf3 Nf6 4. Nc3 a6 5. c5 g6 6. Bf4 Bg7 7. e3 O-O 8. h3 Nfd7 9. Be2 Re8 10. Bh2 e5 11. O-O e4 12. Nd2 Nf8 13. b4 Nbd7 14. Nb3 Ne6 15. a4 f5 16. Bd6 Qg5 17. f4 exf3 18. Rxf3 Qh4 19. Bg3 Qe7 20. Bd6 Qh4 21. Qe1 Qxe1+ 22. Rxe1 Ndf8 23. h4 Bf6 24. g3 Ng7 25. Bd3 Bd7 26. Kf1 Kf7 27. Na5 Bc8 28. Bb1 Re6 29. Ba2 Ne8 30. Bf4 Kg7 31. Ne2 Re7 32. Nc1 Ne6 33. Nd3 Nxf4 34. Rxf4 Nc7 35. Rf3 Ne6 36. Bb3 Re8 37. Ba2 Bd8 38. Nb3 Bd7 39. Nd2 Bc7 40. Nf4 Nf8 41. a5 h6 42. Rf2 Nh7 43. Bb1 Nf6 44. Rf3 Re7 45. Re2 Rae8 46. Ng2 Ng4 47. Nb3 Nh2+ 48. Kf2 Nxf3 49. Kxf3 g5 50. Nc1 Kf6 51. Nd3 Re4 52. Bc2 Rg4 53. Ne5 Bxe5 54. dxe5+ Rxe5 55. hxg5+ hxg5 56. Re1 Rxb4 57. Rh1 Kg7 0-1


[Site "https://www.chess.com"]

[Event "Titled Tuesday Blitz August 15 Early 2023"]
[White "SmirnovAlexandrA"]
[Black "Mekhitarian, Krikor Sevag"]
[BlackFideId "2107660"]
[WhiteElo "2656"]
[BlackElo "2796"]
[Result "0-1"]
[Round "10"]
[TimeControl "180+1"]
[Date "2023.08.15"]
[WhiteClock "0:00:09"]
[BlackClock "0:00:11"]
[Board "29"]

1. e4 e6 2. d4 d5 3. Nc3 Nf6 4. e5 Nfd7 5. Nf3 c5 6. dxc5 Nc6 7. Bf4 Bxc5 8. Bd3 Be7 9. Qe2 g5 10. Be3 g4 11. Nd4 Ncxe5 12. Nb3 Nxd3+ 13. Qxd3 Ne5 14. Qe2 Nc4 15. Bd4 Rg8 16. O-O-O Bd7 17. Rhe1 Bc6 18. Bc5 Bxc5 19. Nxc5 Qg5+ 20. Kb1 O-O-O 21. g3 h5 22. Nd3 Kb8 23. b3 Nd6 24. Ne5 Be8 25. f4 gxf3 26. Nxf3 Qf6 27. Rd3 Rc8 28. Nd1 Ne4 29. Nd4 h4 30. c4 Qg6 31. Kb2 Nc5 32. Re3 dxc4 33. Nc3 Nd3+ 34. Ka3 Nxe1 35. Qxe1 cxb3 36. axb3 Qf6 37. Ndb5 Bxb5 38. Nxb5 Qe7+ 39. Kb2 a6 40. Nc3 hxg3 41. hxg3 Qc7 42. Qf2 Rgd8 43. Kc2 Rd6 44. Qf4 Rc6 45. Qd4 Rxc3+ 46. Rxc3 Qxc3+ 47. Qxc3 Rxc3+ 48. Kxc3 Kc7 49. Kd4 Kd6 0-1


[Site "https://www.chess.com"]

[Event "Titled Tuesday Blitz August 15 Early 2023"]
[White "Yanchenko, Roman"]
[Black "Omorjan, Dejan"]
[WhiteFideId "4137329"]
[BlackFideId "955345"]
[WhiteElo "2789"]
[BlackElo "2656"]
[Result "1/2-1/2"]
[Round "10"]
[TimeControl "180+1"]
[Date "2023.08.15"]
[WhiteClock "0:00:10"]
[BlackClock "0:00:06"]
[Board "30"]

1. d4 d6 2. Nf3 Bg4 3. Bf4 Nd7 4. Nbd2 g6 5. h3 Bxf3 6. Nxf3 Bg7 7. e3 e5 8. Bg5 Bf6 9. Bxf6 Ngxf6 10. dxe5 Nxe5 11. Nxe5 dxe5 12. Qf3 c6 13. Bc4 Qe7 14. O-O O-O 15. c3 Kg7 16. a4 a5 17. Bb3 h5 18. Qe2 Rad8 19. f4 exf4 20. Rxf4 Nd5 21. Rf3 Rfe8 22. Raf1 f5 23. Re1 h4 24. Qf2 Qg5 25. Bxd5 Rxd5 26. Rf4 Red8 27. Rd4 c5 28. Qxh4 Qxh4 29. Rxh4 Rd2 30. b4 Rc2 31. Kh1 Rdd2 32. Rg1 axb4 33. cxb4 c4 34. Rd4 c3 35. b5 Kf6 36. Rc4 Rd3 37. a5 Rxe3 38. Ra1 Ree2 39. Rg1 Ke5 40. a6 bxa6 41. bxa6 Ra2 42. Rxc3 Rxa6 43. Rg3 Kf6 44. Rf1 Rae6 45. Kh2 Re1 46. Rf2 R1e2 47. Rgf3 Rxf2 48. Rxf2 Re4 49. Rf3 Rd4 50. Rf2 Re4 51. Rf1 Rd4 52. g4 Kg5 53. gxf5 gxf5 54. Kg3 Rd3+ 55. Rf3 Rxf3+ 56. Kxf3 Kh4 57. Kf4 Kxh3 58. Kxf5 1/2-1/2


[Site "https://www.chess.com"]

[Event "Titled Tuesday Blitz August 15 Early 2023"]
[White "Wagner, Dennis"]
[Black "Arias, Juan Cruz"]
[WhiteFideId "24650684"]
[BlackFideId "118540"]
[WhiteElo "2777"]
[BlackElo "2654"]
[Result "1-0"]
[Round "10"]
[TimeControl "180+1"]
[Date "2023.08.15"]
[WhiteClock "0:00:07"]
[BlackClock "0:00:17"]
[Board "31"]

1. d4 d5 2. c4 e6 3. Nf3 a6 4. Nbd2 Nf6 5. g3 dxc4 6. Nxc4 b5 7. Nce5 Bb7 8. Bg2 Bb4+ 9. Bd2 Bxd2+ 10. Qxd2 O-O 11. O-O Nbd7 12. Nxd7 Nxd7 13. Rac1 Rc8 14. Rfd1 Qe7 15. Ne5 Bxg2 16. Nxd7 Qxd7 17. Kxg2 Qd5+ 18. f3 Rfd8 19. Qa5 Qb7 20. Rc5 Rd6 21. Qc3 h6 22. Rc1 c6 23. h4 a5 24. e3 a4 25. a3 Rd5 26. Rxc6 Rxc6 27. Qxc6 Qe7 28. Rc5 Rd7 29. Qxb5 Rb7 30. Qxa4 Rxb2+ 31. Kh3 Qb7 32. Qe8+ Kh7 33. Qc6 Qxc6 34. Rxc6 Rb3 35. a4 Rxe3 36. a5 Rxf3 37. a6 Ra3 38. Kg4 Kg6 39. Kf4 Kf6 40. d5 Ra4+ 41. Ke3 Ke7 42. dxe6 fxe6 43. Rb6 Kf6 44. Kd3 g5 45. h5 Ra3+ 46. Kc4 Rxg3 47. Rb3 Rg4+ 48. Kb5 Rd4 49. a7 Rd8 50. Ka6 Ra8 51. Rb8 Rxa7+ 52. Kxa7 g4 53. Rg8 Kf5 54. Rg6 e5 55. Rxh6 e4 56. Rh8 e3 57. Re8 Kf4 58. h6 g3 59. h7 g2 60. h8=Q g1=Q 61. Qf6+ Kg3 62. Rg8+ Kh2 63. Qh4# 1-0


[Site "https://www.chess.com"]

[Event "Titled Tuesday Blitz August 15 Early 2023"]
[White "Sipila, Vilka"]
[Black "Rustemov, Alexander"]
[WhiteFideId "505455"]
[BlackFideId "4119002"]
[WhiteElo "2640"]
[BlackElo "2772"]
[Result "0-1"]
[Round "10"]
[TimeControl "180+1"]
[Date "2023.08.15"]
[WhiteClock "0:00:23"]
[BlackClock "0:00:36"]
[Board "32"]

1. d4 g6 2. e4 Bg7 3. Nc3 d6 4. Nf3 a6 5. Bf4 b5 6. Qd2 Bb7 7. Be2 Nd7 8. e5 Nb6 9. a3 e6 10. h4 h6 11. Qe3 Ne7 12. O-O-O Qd7 13. exd6 cxd6 14. Ne4 Nf5 15. Qd3 Qc6 16. Nc3 O-O-O 17. g4 Ne7 18. Bg3 Kb8 19. h5 g5 20. Rhe1 Rc8 21. Nd2 Ka8 22. Bf3 Qd7 23. Bxb7+ Qxb7 24. Bxd6 Rhd8 25. Nce4 Ned5 26. c3 Qc6 27. Qg3 f5 28. Be5 Bxe5 29. Qxe5 fxe4 30. Qxe4 Nf4 31. Nf3 Nc4 32. b3 Qxe4 33. Rxe4 Nd6 34. Re3 Nd5 35. Rxe6 Rxc3+ 36. Kb2 Rxf3 37. Rd2 Rf6 38. Rde2 Rdf8 39. Rxf6 Rxf6 40. Kc2 Kb7 41. Kd2 Kc6 42. Ke1 Nf4 43. Re5 Re6 0-1


[Site "https://www.chess.com"]

[Event "Titled Tuesday Blitz August 15 Early 2023"]
[White "Srihari L R"]
[Black "Kuzhilniy, Oleksandr"]
[WhiteFideId "46617116"]
[BlackFideId "34110500"]
[WhiteElo "2766"]
[BlackElo "2627"]
[Result "1-0"]
[Round "10"]
[TimeControl "180+1"]
[Date "2023.08.15"]
[WhiteClock "0:00:58"]
[BlackClock "0:00:01"]
[Board "33"]

1. c4 e5 2. Nc3 Nc6 3. Nf3 Nf6 4. e3 Bb4 5. Qc2 O-O 6. Nd5 Be7 7. a3 a5 8. Bd3 h6 9. b3 Re8 10. Bb2 Bf8 11. Nxf6+ Qxf6 12. Be4 d6 13. Rg1 Bg4 14. h3 Bh5 15. g4 Bg6 16. Ke2 Rad8 17. g5 hxg5 18. Rxg5 Ne7 19. Rag1 c6 20. h4 Bxe4 21. Qxe4 Qe6 22. h5 d5 23. Qxe5 Qxe5 24. Bxe5 g6 25. Rh1 dxc4 26. hxg6 fxg6 27. bxc4 Bg7 28. Bxg7 Kxg7 29. Rxa5 Ra8 30. Rxa8 Rxa8 31. Rb1 Ra7 32. d4 Nf5 33. c5 Kf6 34. Ne5 Ne7 35. Rb3 Kf5 36. f3 g5 37. e4+ Ke6 38. Ke3 Ng8 39. Nc4 Nf6 40. Nd6 Ra8 41. Nxb7 Rh8 42. Rb6 Kd7 43. d5 Rh3 44. Rxc6 Ng4+ 45. Kd4 Rxf3 46. Rg6 Ne3 47. Rg7+ Kc8 48. c6 1-0


[Site "https://www.chess.com"]

[Event "Titled Tuesday Blitz August 15 Early 2023"]
[White "Lana Rodriguez, David"]
[Black "Hambleton, Aman"]
[WhiteFideId "2270803"]
[BlackFideId "2606577"]
[WhiteElo "2621"]
[BlackElo "2756"]
[Result "0-1"]
[Round "10"]
[TimeControl "180+1"]
[Date "2023.08.15"]
[WhiteClock "0:00:14"]
[BlackClock "0:00:05"]
[Board "34"]

1. e4 c5 2. Nf3 e6 3. b4 cxb4 4. d4 d5 5. e5 Bd7 6. a3 bxa3 7. Bxa3 Bxa3 8. Rxa3 Ne7 9. Bd3 h6 10. O-O Nbc6 11. c3 Na5 12. Nbd2 b6 13. Nh4 g5 14. Nhf3 Rc8 15. Ne1 Nf5 16. Qh5 Ng7 17. Qh3 f5 18. exf6 Qxf6 19. Qg3 Qf4 20. Qxf4 gxf4 21. Nef3 Ke7 22. Ne5 Be8 23. Re1 Rg8 24. Bh7 Rf8 25. Bg6 Kd6 26. Bxe8 Rcxe8 27. Rb1 Rc8 28. Kf1 Rc7 29. Ke2 Nf5 30. Kd3 Rfc8 31. Rc1 Rg7 32. g3 fxg3 33. hxg3 h5 34. Rh1 Rh7 35. g4 Ng7 36. g5 Nf5 37. g6 Rg7 38. Rxh5 Ne7 39. Rh7 Rcg8 40. Rxg7 Rxg7 41. c4 Nxg6 42. c5+ Kc7 43. cxb6+ axb6 44. Rc3+ Kb7 45. Ndf3 Nxe5+ 46. Nxe5 Rc7 47. Ra3 Nc4 48. Ra1 Nxe5+ 49. dxe5 Rf7 50. Ke3 Rc7 51. Rh1 Rc4 52. f3 b5 53. Rh7+ Kb6 54. Re7 Rc6 55. f4 b4 56. Re8 Kb7 57. Rh8 b3 58. Rh1 Rc3+ 59. Kd2 Rc4 60. Rb1 Rxf4 61. Rxb3+ Kc6 62. Ra3 Re4 63. Ra6+ Kd7 64. Ra7+ Ke8 65. Kd3 Kd8 66. Rh7 Ke8 67. Ra7 Kf8 68. Rb7 Rxe5 69. Kd4 Rf5 70. Kc5 Rf7 71. Rb1 Ke7 72. Kd4 Rf4+ 73. Kc5 Rc4+ 74. Kb5 Rc8 75. Rh1 Kd6 76. Rh7 Rb8+ 77. Ka4 d4 0-1


[Site "https://www.chess.com"]

[Event "Titled Tuesday Blitz August 15 Early 2023"]
[White "Vlassov, Nikolai"]
[Black "Shcherbin, Matvei"]
[WhiteFideId "4103360"]
[BlackFideId "24125164"]
[WhiteElo "2621"]
[BlackElo "2747"]
[Result "0-1"]
[Round "10"]
[TimeControl "180+1"]
[Date "2023.08.15"]
[WhiteClock "0:00:48"]
[BlackClock "0:00:15"]
[Board "35"]

1. e4 c5 2. c3 Nf6 3. e5 Nd5 4. d4 cxd4 5. cxd4 Nc6 6. Nc3 Nxc3 7. bxc3 d6 8. f4 g6 9. Bd3 Bg7 10. h4 dxe5 11. fxe5 h5 12. Nf3 Bg4 13. O-O O-O 14. Be3 Rc8 15. Qe1 Bxf3 16. Rxf3 Nxe5 17. dxe5 Qxd3 18. Bxa7 Qd5 19. Bd4 b5 20. Rb1 Qxa2 21. Rxb5 Rb8 22. Rxb8 Rxb8 23. Qe4 Qb1+ 24. Qxb1 Rxb1+ 25. Rf1 Rb5 26. Re1 e6 27. Kf2 Bf8 28. Ke3 Be7 29. g3 Kf8 30. Ra1 Rb7 31. Ra8+ Kg7 32. Ra7 Rxa7 33. Bxa7 Kf8 34. Kd4 Ke8 35. Bc5 Bd8 36. Bd6 Kd7 37. Kc5 Ba5 38. c4 Be1 39. Kb6 Kc8 40. Be7 Bxg3 41. Bf6 g5 42. Bxg5 Bxe5 43. Kc6 Bg3 44. c5 Be5 45. Be7 f5 46. Bg5 f4 47. Bh6 f3 48. Be3 Bg3 49. Bg1 Bxh4 50. Kd6 f2 51. Bxf2 Bxf2 52. Kxe6 h4 0-1


[Site "https://www.chess.com"]

[Event "Titled Tuesday Blitz August 15 Early 2023"]
[White "Stribuk, Artiom"]
[Black "Lehtosaari, Mauri"]
[WhiteFideId "13515659"]
[BlackFideId "501999"]
[WhiteElo "2745"]
[BlackElo "2537"]
[Result "1-0"]
[Round "10"]
[TimeControl "180+1"]
[Date "2023.08.15"]
[WhiteClock "0:00:18"]
[BlackClock "0:00:00"]
[Board "36"]

1. d4 d5 2. c4 c6 3. Nc3 Nf6 4. e3 a6 5. Nf3 b5 6. b3 Bg4 7. a4 bxc4 8. bxc4 e6 9. c5 Ne4 10. Qc2 Nxc3 11. Qxc3 Nd7 12. Be2 Be7 13. h3 Bh5 14. O-O O-O 15. a5 Bf6 16. Bb2 Bxf3 17. Bxf3 e5 18. Qc2 exd4 19. Bxd4 Bxd4 20. exd4 Re8 21. Qd3 Nf8 22. Rfb1 Ne6 23. Rb6 Qf6 24. Rd1 Nf4 25. Qd2 Nxh3+ 26. Kf1 Ng5 27. Be2 Ne4 28. Qe3 Nxc5 29. Qf3 Qxf3 30. Bxf3 Ne6 31. Rxc6 Red8 32. Be2 Ra7 33. Bg4 Re8 34. Re1 g6 35. Bxe6 fxe6 36. Rexe6 Rxe6 37. Rxe6 1-0


[Site "https://www.chess.com"]

[Event "Titled Tuesday Blitz August 15 Early 2023"]
[White "Wong, Yinn Long"]
[Black "Akhmetov, Ayan"]
[WhiteFideId "5707684"]
[BlackFideId "13703706"]
[WhiteElo "2733"]
[BlackElo "2577"]
[Result "0-1"]
[Round "10"]
[TimeControl "180+1"]
[Date "2023.08.15"]
[WhiteClock "0:00:00"]
[BlackClock "0:00:05"]
[Board "37"]

1. d4 e6 2. Bf4 c5 3. e3 Nf6 4. Nf3 Nc6 5. Nbd2 d5 6. c3 cxd4 7. exd4 Nh5 8. Be3 Bd6 9. Ne5 g6 10. Nd3 O-O 11. g3 f5 12. Bh6 Re8 13. Be2 Nf6 14. h4 e5 15. dxe5 Nxe5 16. Nxe5 Bxe5 17. Kf1 Ng4 18. Bxg4 fxg4 19. Nb3 Bf5 20. Nd4 Be4 21. Rh2 Qd7 22. h5 Re7 23. Kg1 Rae8 24. Qd2 Bxd4 25. Qxd4 Bf3 26. Be3 Re4 27. Qf6 Rf8 28. Qg5 Rf5 29. Qh4 g5 30. Bxg5 Qe6 31. Bd2 Re2 32. Qd8+ Rf8 33. Qg5+ Kh8 34. Be3 Rxe3 35. Qxe3 Qxe3 36. fxe3 Re8 37. Kf2 Kg7 38. h6+ Kg6 39. Rc1 Be4 40. Ke2 Rf8 41. Rf2 Bf3+ 42. Kd2 Kxh6 43. c4 Rd8 44. c5 Kg6 45. c6 bxc6 46. Rxc6+ Kf5 47. Kc3 Ke4 48. Re6+ Kf5 49. Re7 Rc8+ 50. Kb3 h5 51. Rxa7 Re8 52. Rf7+ Ke4 53. Rf1 Kxe3 54. Re1+ Be2 55. Rf5 d4 56. Rxh5 d3 57. Rd5 d2 58. Rh1 Rb8+ 59. Ka3 Bf3 60. Rxd2 Kxd2 61. Rh6 Ke2 62. b4 Kf2 63. Rd6 Kxg3 64. b5 Rxb5 65. Ka4 Rb8 66. a3 Kf2 67. Re6 g3 0-1


[Site "https://www.chess.com"]

[Event "Titled Tuesday Blitz August 15 Early 2023"]
[White "Dias, Paulo"]
[Black "GaiozNigalidze"]
[WhiteFideId "1900803"]
[WhiteElo "2504"]
[BlackElo "2725"]
[Result "0-1"]
[Round "10"]
[TimeControl "180+1"]
[Date "2023.08.15"]
[WhiteClock "0:00:01"]
[BlackClock "0:00:18"]
[Board "38"]

1. e4 c5 2. Nf3 Nc6 3. Bb5 e5 4. O-O Bd6 5. c3 Nge7 6. Re1 O-O 7. d3 a6 8. Ba4 b5 9. Bc2 Ng6 10. Be3 Be7 11. Nbd2 d6 12. Nf1 d5 13. Ng3 d4 14. Bd2 Nh4 15. Nxh4 Bxh4 16. Bb3 Bxg3 17. hxg3 Be6 18. Bxe6 fxe6 19. Qg4 Qd6 20. Rac1 Rf6 21. cxd4 Nxd4 22. Be3 Raf8 23. Rc3 Rc8 24. Rec1 Rc6 25. a3 h6 26. f4 exf4 27. gxf4 e5 28. f5 Kh7 29. Rf1 Rc7 30. Rf2 g6 31. fxg6+ Rxg6 32. Qh3 Rcg7 33. Rc1 Ne6 34. Rcf1 Qxd3 35. Rf7 Qxe4 36. Rxg7+ Kxg7 37. Kh1 h5 38. Bc1 Qg4 39. Qh2 Qg3 40. Qg1 Qh4+ 41. Qh2 Qxh2+ 42. Kxh2 Nd4 43. Re1 Re6 44. Be3 Kf6 45. b4 cxb4 46. axb4 Nc2 47. Rf1+ Ke7 48. Bc5+ Kd7 49. Rf7+ Kc6 50. Rh7 Kd5 51. Rxh5 a5 52. Rh7 axb4 53. Bf8 b3 54. Rd7+ Kc4 55. Rc7+ Kd3 56. Rc5 Nd4 57. Bh6 Rxh6+ 0-1


[Site "https://www.chess.com"]

[Event "Titled Tuesday Blitz August 15 Early 2023"]
[White "RrainlessBobot"]
[Black "Bryakin, Mikhail"]
[BlackFideId "4165314"]
[WhiteElo "2507"]
[BlackElo "2719"]
[Result "0-1"]
[Round "10"]
[TimeControl "180+1"]
[Date "2023.08.15"]
[WhiteClock "0:00:03"]
[BlackClock "0:00:23"]
[Board "39"]

1. Nf3 Nf6 2. g3 b5 3. Bg2 Bb7 4. O-O e6 5. d3 c5 6. e4 Be7 7. Re1 O-O 8. a4 b4 9. Nbd2 d5 10. exd5 exd5 11. a5 a6 12. Nb3 Nbd7 13. Bf4 Re8 14. Ne5 Bf8 15. Qf3 Rc8 16. Bh3 Nxe5 17. Bxe5 Rc6 18. Re2 Nd7 19. Bf4 Rxe2 20. Qxe2 h6 21. Re1 Nf6 22. Be5 Nh7 23. Bf4 Ng5 24. Bxg5 hxg5 25. Qe8 Qxe8 26. Rxe8 Rc7 27. Rb8 g6 28. Bg2 Kg7 29. Rxb7 Rxb7 30. Bxd5 Rd7 31. Bc4 Rd8 32. Bxa6 Bd6 33. Bb7 Bc7 34. a6 Bb6 35. Nd2 Re8 36. Kf1 Kf6 37. Nc4 Ba7 38. Nd6 Rd8 39. Nb5 Bb6 40. Be4 Rd7 41. Bc6 Re7 42. h3 Ke5 43. Ke2 f5 44. Kd2 Rh7 45. Bg2 Rd7 46. c3 b3 47. c4 Ba5+ 48. Ke2 Bb6 49. Bd5 Re7 50. Ke3 f4+ 51. gxf4+ gxf4+ 52. Kf3 g5 53. Be4 Rd7 54. Nc3 Ba5 55. Nd5 Ra7 56. Ke2 Rxa6 57. Ne7 Kd6 58. Nf5+ Ke6 59. Ng7+ Kf7 60. Nf5 Bc3 61. bxc3 b2 62. d4 Re6 63. Kd2 Rxe4 64. Kc2 Re2+ 65. Kb1 Rxf2 66. dxc5 Ke6 67. c6 f3 68. c5 Rd2 69. Nd4+ Rxd4 70. cxd4 f2 71. Kxb2 f1=Q 72. Kc3 0-1


[Site "https://www.chess.com"]

[Event "Titled Tuesday Blitz August 15 Early 2023"]
[White "Kuznetsov, Felix"]
[Black "Itkis, Boris"]
[WhiteFideId "34147990"]
[BlackFideId "1209167"]
[WhiteElo "2716"]
[BlackElo "2492"]
[Result "1-0"]
[Round "10"]
[TimeControl "180+1"]
[Date "2023.08.15"]
[WhiteClock "0:02:03"]
[BlackClock "0:01:32"]
[Board "40"]

1. e4 e6 2. d4 d5 3. Nd2 c5 4. Ngf3 cxd4 5. exd5 Qxd5 6. Bc4 Qd6 7. O-O Nf6 8. Nb3 Nc6 9. Nbxd4 Nxd4 10. Nxd4 Be7 11. Re1 O-O 12. Bg5 Qc7 13. Bd3 h6 14. Bh4 Nd5 15. Qh5 Nf4 16. Qg4 Bxh4 17. Qxh4 Nxd3 18. cxd3 Rd8 19. Rac1 Qb6 20. Nf3 Bd7 21. Ne5 Be8 22. b3 Rd4 23. Qe7 f6 24. Rc7 Bd7 25. Nxd7 1-0


[Site "https://www.chess.com"]

[Event "Titled Tuesday Blitz August 15 Early 2023"]
[White "Belov, Alexei"]
[Black "Paravyan, David"]
[WhiteFideId "4128206"]
[BlackFideId "4194985"]
[WhiteElo "2621"]
[BlackElo "2979"]
[Result "0-1"]
[Round "10"]
[TimeControl "180+1"]
[Date "2023.08.15"]
[WhiteClock "0:00:50"]
[BlackClock "0:02:22"]
[Board "41"]

1. e4 e5 2. Nf3 Nf6 3. Nxe5 d6 4. Nf3 Nxe4 5. Qe2 Qe7 6. d3 Nf6 7. Bg5 Qxe2+ 8. Bxe2 Be7 9. Nc3 h6 10. Bf4 Nc6 11. O-O-O Be6 12. d4 Nb4 13. a3 Nbd5 14. Nxd5 Nxd5 15. Bd2 Nb6 16. b3 O-O 17. Rhe1 Bf6 18. c4 d5 19. c5 Nd7 20. Bf4 b6 21. c6 Nb8 22. Kb2 Nxc6 23. Bxc7 Rac8 24. Be5 Nxe5 25. dxe5 Be7 26. Nd4 Rc7 27. Rc1 Rfc8 28. Rxc7 Rxc7 29. Rc1 Bxa3+ 0-1


[Site "https://www.chess.com"]

[Event "Titled Tuesday Blitz August 15 Early 2023"]
[White "Galchenko, Matvey"]
[Black "Komov, Roman"]
[WhiteFideId "24175480"]
[BlackFideId "24175714"]
[WhiteElo "2884"]
[BlackElo "2621"]
[Result "0-1"]
[Round "10"]
[TimeControl "180+1"]
[Date "2023.08.15"]
[WhiteClock "0:00:03"]
[BlackClock "0:00:10"]
[Board "42"]

1. f4 d5 2. Nf3 g6 3. g3 Bg7 4. Bg2 Nf6 5. O-O O-O 6. d3 c5 7. Nc3 Nc6 8. e4 d4 9. Na4 Nd7 10. c4 Qc7 11. a3 b6 12. Rb1 Bb7 13. b4 Nd8 14. e5 Ne6 15. Qe2 Rad8 16. Nb2 cxb4 17. axb4 a5 18. Nd1 axb4 19. Rxb4 Ndc5 20. Nf2 Ra8 21. Bb2 Ra2 22. Rb1 Rfa8 23. Qe1 Na4 24. Ba1 Qd7 25. h3 Nec5 26. Rd1 e6 27. Kh2 Bf8 28. Rbb1 Nc3 29. Bxc3 dxc3 30. Rbc1 c2 31. Rd2 Nb3 32. Rdxc2 Nxc1 33. Rxc1 Bc5 34. Ng4 Qxd3 35. Rc3 Qd8 36. Qf1 Kh8 37. Rc1 Kg7 38. Rd1 Qe7 39. Nf6 Rd8 40. Rb1 Bxf3 41. Qxf3 Rdd2 42. Rg1 Bxg1+ 43. Kxg1 Rxg2+ 44. Kh1 Rh2+ 45. Kg1 Qc5+ 0-1


[Site "https://www.chess.com"]

[Event "Titled Tuesday Blitz August 15 Early 2023"]
[White "Mendez Fortes, Eduardo Jesus"]
[Black "Putnam, Liam"]
[WhiteFideId "3502376"]
[BlackFideId "30938279"]
[WhiteElo "2614"]
[BlackElo "2801"]
[Result "0-1"]
[Round "10"]
[TimeControl "180+1"]
[Date "2023.08.15"]
[WhiteClock "0:00:09"]
[BlackClock "0:00:14"]
[Board "43"]

1. e4 c6 2. d4 Qa5+ 3. Nc3 f6 4. f4 Kd8 5. Nf3 Qh5 6. Bd3 Qe8 7. O-O d6 8. e5 d5 9. b4 f5 10. Bd2 e6 11. Ne2 a6 12. a4 b5 13. Qe1 Bb7 14. Qg3 Kc7 15. Qh3 Nh6 16. Rfb1 Nf7 17. Nc1 Be7 18. Nb3 h6 19. Nc5 Bxc5 20. bxc5 g5 21. Qg3 Rg8 22. Qe1 Nd7 23. Ba5+ Kc8 24. Qb4 Nf8 25. fxg5 Nxg5 26. Nxg5 hxg5 27. c4 dxc4 28. Bxc4 Qd7 29. Be2 Ng6 30. Rd1 Nf4 31. Bf1 Qd5 32. Qe1 Kd7 33. g3 Ng6 34. Bg2 Qc4 35. Rdc1 Qxd4+ 36. Kh1 Qxe5 37. Qd2+ Kc8 38. Rd1 Kb8 39. Qxg5 Qxc5 40. Rac1 Qe7 41. Qd2 c5 42. Bd8 Bxg2+ 43. Kg1 Rxd8 44. Qxd8+ Qxd8 45. Rxd8+ Ka7 46. Rd7+ Bb7 47. axb5 axb5 48. Rxc5 Kb6 49. Rc1 Ra2 50. Rd6+ Ka7 51. Rxe6 Rg2+ 52. Kf1 Rxh2 53. Rc7 Rh6 54. Ree7 Nxe7 55. Rxe7 b4 56. Re5 b3 57. Re1 b2 58. Rb1 Rb6 0-1


[Site "https://www.chess.com"]

[Event "Titled Tuesday Blitz August 15 Early 2023"]
[White "Cherniaiev, Tykhon"]
[Black "Di Nicolantonio, Lucas"]
[WhiteFideId "14182360"]
[BlackFideId "680460"]
[WhiteElo "2797"]
[BlackElo "2614"]
[Result "0-1"]
[Round "10"]
[TimeControl "180+1"]
[Date "2023.08.15"]
[WhiteClock "0:00:05"]
[BlackClock "0:00:16"]
[Board "44"]

1. Nf3 g6 2. d4 Bg7 3. c4 d6 4. g3 f5 5. Bg2 Nf6 6. O-O O-O 7. Nc3 Nc6 8. Re1 e5 9. e3 e4 10. Nd2 Nb4 11. Rf1 d5 12. cxd5 Nbxd5 13. Qb3 c6 14. Nc4 Kh8 15. Ne5 Qe7 16. f3 Be6 17. Qc2 exf3 18. Bxf3 Nxc3 19. bxc3 Bd5 20. a4 Qe6 21. Ba3 Rfe8 22. Rab1 Rab8 23. Rbe1 Bxf3 24. Nxf3 b5 25. axb5 cxb5 26. Bc5 a5 27. Qb2 Ne4 28. Qa3 Qc4 29. Qxa5 Nxc5 30. dxc5 Bxc3 31. Qc7 Rbc8 32. Qb7 Bxe1 33. Ng5 Qg8 34. Nf7+ Kg7 35. Nd6+ Kh8 36. Rxe1 Rxc5 37. Nf7+ Kg7 38. Nd6+ Kh8 39. Nxe8 Qxe8 40. Ra1 Qxe3+ 41. Kf1 Qd3+ 42. Kg1 Qd4+ 43. Kg2 Rc2+ 44. Kh3 Qg4# 0-1


[Site "https://www.chess.com"]

[Event "Titled Tuesday Blitz August 15 Early 2023"]
[White "Bodnaruk, Anastasia"]
[Black "Schmakel, Sam"]
[WhiteFideId "4181751"]
[BlackFideId "2039311"]
[WhiteElo "2612"]
[BlackElo "2754"]
[Result "1-0"]
[Round "10"]
[TimeControl "180+1"]
[Date "2023.08.15"]
[WhiteClock "0:01:01"]
[BlackClock "0:00:00"]
[Board "45"]

1. e4 c6 2. d4 d5 3. e5 Bf5 4. Nf3 e6 5. Be2 Nd7 6. O-O a5 7. a4 h6 8. Nbd2 g5 9. Nb3 Ne7 10. Bd2 Bg7 11. Ne1 O-O 12. Bd3 f6 13. f4 gxf4 14. exf6 Nxf6 15. Bxf4 Ng6 16. Be3 Ne4 17. Nf3 Qc7 18. Bxe4 dxe4 19. Nfd2 e5 20. Qh5 Qd7 21. Nc5 Qc8 22. Bxh6 exd4 23. Bxg7 Kxg7 24. Ndxe4 Bxe4 25. Nxe4 Qe6 26. Ng5 Qe3+ 27. Kh1 Rf4 28. Rxf4 Qxf4 29. Ne6+ 1-0


[Site "https://www.chess.com"]